 Dungeon Crawl Stone Soup version 0.27-a0-920-gb2bd10914a (webtiles) character file.

Game seed: 16600393900764022290

1092 spiderkeys the Covert (level 8, -6/51 HPs)
             Began as a Kobold Hunter on Apr 9, 2021.
             Was a Believer of Ashenzari.
             Mangled by a yak (13 damage)
             ... on level 5 of the Dungeon.
             The game lasted 00:12:25 (5166 turns).

spiderkeys the Covert (Kobold Hunter)               Turns: 5166, Time: 00:12:25

Health: -6/51      AC:  5    Str:  9    XL:     8   Next: 56%
Magic:  0/8        EV: 17    Int: 12    God:    Ashenzari [**....]
Gold:   219        SH:  0    Dex: 18    Spells: 7/7 levels left

rFire    . . .     SeeInvis +   n - +0 dagger "Share My Suspicion" {distort, Self, Melee} (curse)
rCold    . . .     Faith    .   (shield restricted)
rNeg     . . .     Spirit   +   c - +0 leather armour "Circumscribed Together" {Melee, Elem} (curse)
rPois    .         Reflect  .   m - +0 helmet "Overhang to Understand" {Elem, Alch} (curse)
rElec    .         Harm     .   (no cloak)
rCorr    .         Rampage  .   x - +0 pair of gloves "Profound Jealousy" {Fort, Self} (curse)
Will     .....                  (no boots)
Stlth    +++++++...             j - amulet of guardian spirit
HPRegen  0.17/turn              (no ring)
MPRegen  0.11/turn              (no ring)

@: no status effects
A: small, no large weapons, nightstalker 3
a: Renounce Religion, Shatter the Chains


You were on level 5 of the Dungeon.
You worshipped Ashenzari.
Ashenzari was pleased with you.
You visited 1 branch of the dungeon, and saw 5 of its levels.
You also visited: Ossuary.

You collected 219 gold pieces.

Inventory:

Hand Weapons
 a - a +1 hand crossbow
 b - a +0 short sword
 n - the cursed +0 dagger "Share My Suspicion" (weapon) {distort, Self, Melee}
   (You took it off a goblin on level 2 of the Dungeon)

   It warps and distorts space around it.
   Unwielding it can cause banishment or high damage.
   It has a curse which improves the following skills: Introspection: Fighting
   and Spellcasting.
   Melee Combat: Short Blades, Long Blades, Axes, Maces & Flails, Polearms,
   Staves and Unarmed Combat.
Missiles
 d - 20 bolts
 g - a throwing net (quivered)
 u - 38 poisoned darts
Armour
 c - the cursed +0 leather armour "Circumscribed Together" (worn) {Melee, Elem}

   It has a curse which improves the following skills: Melee Combat: Short
   Blades, Long Blades, Axes, Maces & Flails, Polearms, Staves and Unarmed
   Combat.
   Elements:  Fire Magic, Ice Magic, Air Magic and Earth Magic.
 m - the cursed +0 helmet "Overhang to Understand" (worn) {Elem, Alch}
   (You found it on level 2 of the Dungeon)

   It has a curse which improves the following skills: Elements: Fire Magic, Ice
   Magic, Air Magic and Earth Magic.
   Alchemy:   Poison Magic and Transmutations.
 x - the cursed +0 pair of gloves "Profound Jealousy" (worn) {Fort, Self}
   (You found it on level 4 of the Dungeon)

   It has a curse which improves the following skills: Fortitude: Armour and
   Shields.
   Introspection: Fighting and Spellcasting.
 y - a +0 helmet
Jewellery
 j - an amulet of guardian spirit (around neck)
Wands
 t - a wand of random effects (21)
Scrolls
 i - a scroll of silence
 k - 2 scrolls of teleportation
 l - a scroll of amnesia
 v - 2 scrolls of summoning
 w - 2 scrolls of enchant weapon
Potions
 e - a potion of might
 f - a potion of ambrosia
 h - a potion of magic
 o - 2 potions of curing
 p - 2 potions of flight
 q - 2 potions of berserk rage
 r - a potion of invisibility
 s - 2 potions of haste
 z - a potion of mutation


   Skills:
 + Level 4.0(6.1) Fighting
 * Level 5.7(8.0) Short Blades
 - Level 5.0 Crossbows
 * Level 5.6 Dodging
 - Level 14.3 Stealth


You had 7 spell levels left.
You didn't know any spells.
Your spell library was empty.

Dungeon Overview and Level Annotations

Branches:
Dungeon (5/15)            Ossuary (visited)
 Temple: D:4-7

Altars:
Ashenzari
Yredelemnul

Annotations:
Abyss:1 Jessica


Innate Abilities, Weirdness & Mutations

You are small and have problems with some larger weapons.
You are completely attuned to the shadows.


Message History

You hit the yak but do no damage.
Space bends around the yak!
The yak is severely wounded.
The yak gores you!
* * * LOW HITPOINT WARNING * * *
You barely miss the yak.
The yak is severely wounded.
The yak gores you.
* * * LOW HITPOINT WARNING * * *
You hit the yak but do no damage.
Space bends around the yak.
The yak is severely wounded.
You completely miss the yak.
The yak is severely wounded.
The yak closely misses you.
You hit the yak.
The yak is severely wounded.
The yak blinks!
The yak misses you.
You hit the yak.
The yak is severely wounded.
The yak misses you.
You feel better. The yak gores you!
* * * LOW HITPOINT WARNING * * *
You hit the yak but do no damage.
The yak is severely wounded.
The yak blinks!
You hit the yak but do no damage.
Space warps horribly around the yak!!
You kill the yak!
Your base Fighting skill increases to level 4!
You hit the yak.
Space bends around the yak.
The yak is almost dead.
The yak barely misses you.
The water moccasin zombie barely misses you.
You hit the yak but do no damage.
The yak is almost dead.
The water moccasin zombie bites you!
* * * LOW HITPOINT WARNING * * *
You barely miss the yak.
The yak is almost dead.
The yak gores you!
You die...

* ** *, ,
#######
#......,,
#.Y@Z.#
#.....^ ,
#[###.#
#......, *
#.#
#§####.(....
##.#
#Z..##......
, #..#
###..#Y....[,
, ##.##
##.#...... ,
#..#
#.†...... ,
#.##
##......( ,,*
###.#
#.....##*


You could see a yak and a water moccasin zombie.

Vanquished Creatures
  Grinder (D:3)
  2 yaks (D:5)
  An ogre (D:4)
  A phantom (D:5)
  A bullfrog zombie (D:5)
  A centaur zombie (D:5)
  A scorpion zombie (D:3)
  Terence (D:3)
  2 hound zombies (Ossuary)
  3 mummies (Ossuary)
  Robin (D:2)
  4 adders
  An ufetubus (D:5)
  3 adder zombies
  2 worms
  2 dart slugs
  6 orcs
  7 ball pythons
  9 endoplasms
  A giant cockroach (D:1)
  13 goblins
  6 hobgoblins
  3 quokkas
  6 bats
  3 frilled lizards
  A gnoll zombie (Ossuary)
  5 hobgoblin zombies (Ossuary)
  A jackal zombie (Ossuary)
  2 kobolds (D:1)
  A kobold zombie (Ossuary)
  2 rats
93 creatures vanquished.

Notes
Turn   | Place    | Note
-------+----------+-------------------------------------------
     0 | D:1      | spiderkeys the Kobold Hunter began the quest for the Orb.
     0 | D:1      | Reached XP level 1. HP: 12/12 MP: 1/1
   116 | D:1      | Reached skill level 1 in Short Blades
   116 | D:1      | Reached skill level 2 in Stealth
   116 | D:1      | Reached XP level 2. HP: 17/17 MP: 2/2
   410 | D:1      | Reached XP level 3. HP: 22/22 MP: 3/3
   434 | D:1      | Reached skill level 5 in Crossbows
  1585 | D:2      | Found a faded altar of an unknown god.
  1599 | D:2      | Became a worshipper of Ashenzari the Shackled
  1614 | D:2      | Reached skill level 14 in Stealth
  1614 | D:2      | Reached XP level 4. HP: 27/27 MP: 4/4
  1952 | D:2      | Noticed Robin
  1958 | D:2      | Reached XP level 5. HP: 31/31 MP: 5/5
  2818 | D:2      | Killed Robin
  3064 | D:3      | Noticed Jessica
  3068 | D:3      | Banished Jessica
  3133 | D:3      | Found a basalt altar of Yredelemnul.
  3138 | D:3      | Reached XP level 6. HP: 36/36 MP: 6/6
  3173 | D:3      | Reached * piety under Ashenzari
  3620 | D:3      | Noticed Grinder
  3624 | D:3      | Killed Grinder
  3625 | D:3      | Reached XP level 7. HP: 41/41 MP: 7/7
  3645 | D:3      | Noticed Terence
  3649 | D:3      | Killed Terence
  3778 | D:4      | Reached ** piety under Ashenzari
  3788 | D:4      | Found a sand-covered staircase.
  3792 | Ossuary  | Entered an ossuary
  5002 | D:5      | Entered Level 5 of the Dungeon
  5006 | D:5      | Reached XP level 8. HP: 50/50 MP: 8/8
  5082 | D:5      | Reached skill level 5 in Dodging
  5106 | D:5      | Noticed a yak
  5108 | D:5      | Noticed a yak
  5109 | D:5      | Noticed a yak
  5121 | D:5      | Reached skill level 5 in Short Blades
  5123 | D:5      | Killed a yak
  5163 | D:5      | Killed a yak
  5166 | D:5      | Mangled by a yak

Illustrated notes

Levels and vault maps discovered:
D:1:      scummos_arrival_gate, layout_loops_cross
D:2:      layout_basic, hellmonk_ecumenical_altar_run_dry, dk_vineyard_3,
          uniq_robin
D:3:      layout_basic, nicolae_yredelemnul_corpse_copse, uniq_jessica,
          uniq_grinder, uniq_terence
D:4:      layout_basic, lightli_ossuary_entry_decrepit_ruins,
          hangedman_decor_clover_reticule
D:5:      layout_rooms, uniq_eustachio

Skill      XL: |  1  2  3  4  5  6  7  8 |
---------------+-------------------------+-----
Short Blades   | 1 2 3 4 5 |  5.7
Stealth        | 2 14 | 14.3
Crossbows      | 5 |  5.0
Dodging        | 3 4 5 |  5.6
Fighting       | 3 4 |  4.0

Action                   |  1- 3 |  4- 6 |  7- 9 || total
-------------------------+-------+-------+-------++-------
Melee: Short sword       |    61 |    43 |       ||   104
       Dagger            |       |    53 |    91 ||   144
 Fire: Hand crossbow     |     7 |     2 |       ||     9
Invok: Curse Item        |     1 |     1 |     2 ||     4
  Use: Scroll            |     4 |     2 |       ||     6
       Potion            |     1 |       |     1 ||     2
 Stab: Sleeping          |    19 |    12 |    23 ||    54
Armor: Leather armour    |     8 |    15 |    12 ||    35
Dodge: Dodged            |    30 |    61 |    43 ||   134

Table legend: (Time is in decaauts)
 A = Elapsed time spent in this place.
 B = Non-inter-level travel time spent in this place.
 C = Inter-level travel time spent in this place.
 D = Time resting spent in this place.
 E = Time spent auto-exploring this place.
 F = Levels seen in this place.
 G = Mean time per level.
                   A        B        C        D        E       F      G
               +--------+--------+--------+--------+--------+-----+--------+
         Total |   5126 |   4861 |    265 |    293 |   3927 |   6 |  854.3 |
       Dungeon |   4917 |   4652 |    265 |    293 |   3823 |   5 |  983.4 |
       Ossuary |    209 |    209 |      0 |      0 |    104 |   1 |  209.0 |
               +--------+--------+--------+--------+--------+-----+--------+

Top non-repeatable levels by time:
     D:2: 1943 daAuts
     D:4: 1011 daAuts
     D:3: 914 daAuts
     D:1: 903 daAuts
 Ossuary: 209 daAuts
     D:5: 144 daAuts
